 Dungeon Crawl Stone Soup version 0.28-a0-1033-g1a2f33fa85 (webtiles) character file.

Game seed: 2913648877378658674

757 siradein the Skirmisher (level 7, -23/72 (76) HPs)
             Began as an Ogre Fighter on Dec 8, 2021.
             Annihilated by an ogre (31 damage)
             ... on level 5 of the Dungeon.
             The game lasted 00:08:06 (5390 turns).

siradein the Skirmisher (Ogre Fighter)              Turns: 5390, Time: 00:08:07

HP:   -23/72 (76)   AC:  3    Str: 23    XL:     7   Next: 79%
MP:   7/7           EV:  9    Int:  9    God:
Gold: 147           SH:  7    Dex:  8    Spells: 6/6 levels left

rFire   + . .      SeeInvis +   h - +0 whip (elec)
rCold   . . .      Faith    .   c - +0 kite shield
rNeg    . . .      Spirit   .   b - +0 robe
rPois   .          Reflect  .   (helmet restricted)
rElec   .          Harm     .   (no cloak)
rCorr   .          Rampage  .   (gloves unavailable)
Will    .....                   (boots unavailable)
Stlth   +.........              g - amulet of the acrobat
HPRegen 0.22/turn               f - ring of protection from fire
MPRegen 0.10/turn               s - ring of see invisible

@: drained
A: large, unfitting armour, tough skin 1
a: no special abilities


You were on level 5 of the Dungeon.
You visited 1 branch of the dungeon, and saw 5 of its levels.

You collected 147 gold pieces.

Inventory:

Hand Weapons
 h - a +0 whip of electrocution (weapon)
Missiles
 o - 11 poisoned darts (quivered)
Armour
 b - a +0 robe (worn)
 c - a +0 kite shield (worn)
Jewellery
 f - a ring of protection from fire (left hand)
 g - an amulet of the acrobat (around neck)
 m - a ring of protection from cold
 r - an amulet of magic regeneration
 s - a ring of see invisible (right hand)
Wands
 t - a wand of iceblast (7)
Scrolls
 a - 3 scrolls of identify {unknown}
 e - 2 scrolls of teleportation {unknown}
 n - 2 scrolls of acquirement {unknown}
 q - a scroll of magic mapping {unknown}
Potions
 d - a potion of berserk rage {unknown}
 i - a potion of haste {unknown}
 j - 2 potions of ambrosia {unknown}
 k - a potion of curing {unknown}
 l - 2 potions of degeneration {unknown}
 p - 2 potions of lignification {unknown}
 u - a potion of heal wounds {unknown}


   Skills:
 + Level 6.8 Fighting
 + Level 4.1 Maces & Flails
 + Level 4.6 Dodging
 + Level 4.6 Shields


You had 6 spell levels left.
You didn't know any spells.
Your spell library contained the following spells:

 Spells                   Type           Power      Damage    Failure   Level
 Corpse Rot               Necr/Air       0%         N/A       83%         2
 Poisonous Vapours        Pois/Air       0%         N/A       83%         2
 Scorch                   Fire           0%         2d5       83%         2
 Stone Arrow              Conj/Erth      0%         3d7       97%         3
 Animate Armour           Summ/Erth      0%         N/A       100%        4
 Flame Wave               Conj/Fire      0%         2d4       100%        4
 Summon Cactus Giant      Summ           0%         N/A       100%        6
 Lehudib's Crystal Spear  Conj/Erth      0%         10d2      100%        8


Dungeon Overview and Level Annotations

Branches:
Dungeon (5/15)
 Temple: D:4-7

Altars:
Gozag
Qazlal
Sif Muna

Annotations:
D:3 2 runed translucent doors


Innate Abilities, Weirdness & Mutations

You are too large for most types of armour.
You have tough skin. (AC +1)


Message History

An ogre comes into view. It is wielding a +0 giant spiked club.
An ogre is nearby!
An ufetubus comes into view.
The ufetubus shouts!
You see here an adder corpse.
You hit the ufetubus. Lightning courses through the ufetubus!
You kill the ufetubus!
Throw: 14 darts (poison)
Press: ? - help, Q - select action, (/) - cycle Shift-Dir - straight line, f - ogre
Aim: an ogre, wielding a +0 giant spiked club (73% to hit)
You throw a poisoned dart.
The poisoned dart barely misses the ogre.
Unknown command.
Throw: 13 darts (poison)
Press: ? - help, Q - select action, (/) - cycle Shift-Dir - straight line, f/p - ogre
Aim: an ogre, wielding a +0 giant spiked club (73% to hit)
You throw a poisoned dart. The poisoned dart hits the ogre.
The ogre is poisoned.
Unknown command.
You barely miss the ogre.
The ogre hits you with a +0 giant spiked club!!
You barely miss the ogre. The ogre barely misses you.
You hit the ogre.
The ogre is lightly wounded.
The ogre hits you with a +0 giant spiked club!!
You are too injured to fight recklessly!
Throw: 12 darts (poison)
Press: ? - help, Q - select action, (/) - cycle Shift-Dir - straight line, f/p - ogre
Aim: an ogre, wielding a +0 giant spiked club (lightly wounded, poisoned, 73% to hit)
You throw a poisoned dart. The poisoned dart hits the ogre.
The ogre looks even sicker.
The ogre is lightly wounded.
The ogre hits you with a +0 giant spiked club!!
* * * LOW HITPOINT WARNING * * *
There is a stone staircase leading down here.
The ogre looks more healthy.
You hit the ogre.
The ogre is almost dead.
The ogre hits you with a +0 giant spiked club!!
You die...

##### #.# #
#.# # #.#
###########
#.#
..........#
#>#
#########.#
#.# # #.# #.#
#.# #O# #.#
#@# #.# #.#
####.######.#
#......<....#
#.##.########
######.##.#
#.........#
#####
#>####.####
##...## ..#
#.######.....#


You could see an ogre.

Vanquished Creatures
  A black bear (D:5)
  A necrophage (D:4)
  A scorpion (D:5)
  2 wights (D:5)
  2 howler monkeys
  A centaur zombie (D:5)
  A centaur skeleton (D:3)
  An orc priest (D:3)
  An iguana (D:5)
  2 orc wizards
  A hound zombie (D:5)
  A howler monkey zombie (D:5)
  3 gnolls (D:2)
  3 adders
  A shadow imp (D:5)
  2 ufetubi
  A worm (D:3)
  An adder skeleton (D:4)
  2 dart slugs
  12 orcs
  7 ball pythons
  6 bats
  6 endoplasms
  3 giant cockroaches
  6 goblins
  4 hobgoblins
  2 quokkas (D:1)
  15 frilled lizards
  6 kobolds
  7 rats
102 creatures vanquished.

Vanquished Creatures (others)
  8 plants (D:1)
8 creatures vanquished.

Grand Total: 110 creatures vanquished

Notes
Turn   | Place    | Note
-------+----------+-------------------------------------------
     0 | D:1      | siradein the Ogre Fighter began the quest for the Orb.
     0 | D:1      | Reached XP level 1. HP: 24/24 MP: 1/1
   135 | D:1      | Reached XP level 2. HP: 32/32 MP: 2/2
   557 | D:1      | Reached XP level 3. HP: 38/40 MP: 3/3
   936 | D:1      | Found a faded altar of an unknown god.
  1226 | D:2      | Reached XP level 4. HP: 48/49 MP: 4/4
  2230 | D:3      | Found a shimmering blue altar of Sif Muna.
  2323 | D:3      | Reached skill level 5 in Fighting
  2353 | D:3      | Found a stormy altar of Qazlal.
  2495 | D:3      | Reached XP level 5. HP: 39/57 MP: 5/5
  2715 | D:3      | Found a large runed translucent door.
  2716 | D:3      | Found a large runed translucent door.
  3394 | D:4      | Noticed a necrophage
  3416 | D:4      | Killed a necrophage
  3417 | D:4      | Reached XP level 6. HP: 10/66 MP: 6/6
  3911 | D:4      | Found an opulent altar of Gozag.
  4113 | D:5      | Entered Level 5 of the Dungeon
  4136 | D:5      | Reached skill level 6 in Fighting
  4251 | D:5      | Noticed a black bear
  4260 | D:5      | Killed a black bear
  4261 | D:5      | Reached XP level 7. HP: 36/75 MP: 7/7
  5390 | D:5      | Annihilated by an ogre

Illustrated notes

Levels and vault maps discovered:
D:1:      lemuel_arrival_hallway, layout_loops_ring,
          shapermc_ecumenical_altar_hornbeckon, corexii_corridor_pit,
          minmay_lizard_king
D:2:      layout_loops_ring
D:3:      layout_basic, lemuel_crystal_altar, nicolae_qazlal_general_emergency,
          jmf_multi_god_temple2, minmay_misc_feat_iff
D:4:      layout_basic, nicolae_gozag_cash_rules_everything_around_me, hex_tiny,
          hex_large
D:5:      layout_loops_ring, serial_glass, glass_columns_a, glass_columns_a,
          item_on_display_a, item_on_display_a, due_unseen_surprise,
          feat_on_display, patterned_corridor

Skill      XL: |  1  2  3  4  5  6  7 |
---------------+----------------------+-----
Maces & Flails | 2 3 4 |  4.1
Shields        | 3 4 |  4.6
Dodging        | 3 4 |  4.6
Fighting       | 5 6 |  6.8

Action                   |  1- 3 |  4- 6 |  7- 9 || total
-------------------------+-------+-------+-------++-------
Melee: Flail             |    70 |       |       ||    70
       Whip              |    64 |   191 |    95 ||   350
Throw: Dart              |       |       |     3 ||     3
  Use: Potion            |       |     1 |       ||     1
Armor: Robe              |    38 |    57 |     6 ||   101
Dodge: Dodged            |    53 |    85 |    33 ||   171
Block: Kite shield       |    43 |    56 |    26 ||   125

Table legend: (Time is in decaauts)
 A = Elapsed time spent in this place.
 B = Non-inter-level travel time spent in this place.
 C = Inter-level travel time spent in this place.
 D = Time resting spent in this place.
 E = Time spent auto-exploring this place.
 F = Levels seen in this place.
 G = Mean time per level.
                   A        B        C        D        E       F      G
               +--------+--------+--------+--------+--------+-----+--------+
         Total |   5475 |   5342 |    133 |    278 |   4109 |   5 | 1095.0 |
       Dungeon |   5475 |   5342 |    133 |    278 |   4109 |   5 | 1095.0 |
               +--------+--------+--------+--------+--------+-----+--------+

Top non-repeatable levels by time:
     D:5: 1213 daAuts
     D:4: 1185 daAuts
     D:1: 1156 daAuts
     D:2: 975 daAuts
     D:3: 944 daAuts
